 Dungeon Crawl Stone Soup version 0.20.1-1-g8b1a95d (webtiles) character file.

260 Mimshu the Covert (level 5, 0/39 HPs)
             Began as a Vampire Assassin on Dec 1, 2017.
             Was a Follower of Sif Muna.
             Slain by a worker ant zombie (2 damage)
             ... on level 4 of the Dungeon.
             The game lasted 00:09:52 (3180 turns).

Mimshu the Covert (Vampire Assassin)                Turns: 3180, Time: 00:09:54

Health: 0/39       AC:  0    Str: 11    XL:     5   Next: 95%
Magic:  3/5        EV: 20    Int: 14    God:    Sif Muna [*.....]
Gold:   85         SH:  0    Dex: 20    Spells: 4/4 levels left

rFire    . . .     SeeInvis +   (weapon currently unavailable)
rCold    + . .     Gourm    .   (shield currently unavailable)
rNeg     + + .     Faith    .   (armour currently unavailable)
rPois    +         Spirit   .   (helmet currently unavailable)
rElec    .         Reflect  .   (cloak currently unavailable)
rCorr    .         Harm     .   (gloves currently unavailable)
MR       .....                  (boots currently unavailable)
Stlth    ++++++....             (no amulet)
Regen    0.1/turn               (ring currently unavailable)
MPRegen  0.1/turn               (ring currently unavailable)

@: bat-form, flying, regenerating slowly, very quick
A: fangs 3, see invisible
a: End Transformation, Divine Energy, Renounce Religion


You were on level 4 of the Dungeon.
You worshipped Sif Muna.
Sif Muna was aware of your devotion.
You were thirsty.
You were in vampire-bat-form.
You visited 1 branch of the dungeon, and saw 4 of its levels.

You collected 85 gold pieces.

Inventory:

Hand Weapons
 a - a +2 dagger
 b - a +0 blowgun
 j - a +2 short sword of venom (melded)
 u - a +2 short sword of flaming
 v - a +4 trident
Missiles
 e - 27 poisoned needles
 f - 2 curare-tipped needles
 q - 118 stones (quivered)
Armour
 c - a +0 robe (melded)
 d - a +0 cloak (melded)
 t - a +0 chain mail of fire resistance
Jewellery
 h - a ring of see invisible (melded)
 w - a ring of protection from magic (melded)
Scrolls
 l - a scroll of random uselessness
 m - a scroll of remove curse {unknown}
 n - a scroll of fear {unknown}
 p - a scroll of amnesia {unknown}
 r - a scroll of enchant armour {unknown}
Potions
 g - 17 potions of blood
 i - a potion of might {unknown}
 k - a potion of lignification {unknown}
 o - 3 potions of magic {unknown}
 s - a potion of flight {unknown}
 x - 2 potions of mutation {unknown}


   Skills:
 + Level 2.4 Fighting
 + Level 4.5 Short Blades
 + Level 1.7 Throwing
 + Level 2.1 Dodging
 + Level 8.2 Stealth


You had 4 spell levels left.
You didn't know any spells.

Dungeon Overview and Level Annotations

Branches:
Dungeon (4/15)
 Temple: D:4-7

Altars:
Gozag
Makhleb
Nemelex Xobeh
Sif Muna
Vehumet
Zin


Innate Abilities, Weirdness & Mutations

You heal slowly.
You have razor-sharp teeth.
You have supernaturally acute eyesight. (SInv)
((You can survive without breathing.))


Message History

You hit the worker ant zombie but do no damage.
You bite the worker ant zombie, but do no damage.
The worker ant zombie is heavily damaged.
The worker ant zombie bites you.
* * * LOW HITPOINT WARNING * * *
You hit the worker ant zombie.
The worker ant zombie is heavily damaged.
You are feeling thirsty.
The worker ant zombie bites you.
* * * LOW HITPOINT WARNING * * *
The worker ant zombie waves its antennae.
The worker ant zombie closely misses you.
You turn into a vampire bat.
Your +2 short sword of venom melds into your body.
Your +0 cloak melds into your body.
Your +0 robe melds into your body.
Your ring of see invisible melds into your body.
Your ring of protection from magic melds into your body.
Your +2 short sword of venom stops dripping with poison.
The worker ant zombie bites you.
You die...

.........# #..# #.#...
..#......#####.######.#.#
#.......#.....#........#
#..w..#...............##
#.....#...............#
....####...............###
..........................
.........Z...)............
.#.####..b....>...........
##................$.
#..................
###....)...........
###.....##.!.....
...............
..#...#.#..... .#..
#.#$....


You could see a worker ant zombie.

Vanquished Creatures
  An ogre (D:4)
  An orc priest (D:3)
  A bullfrog skeleton (D:4)
  Terence (D:2)
  Natasha (D:2)
  An adder (D:3)
  An ooze (D:1)
  A dart slug (D:1)
  8 orcs (D:3)
  A ball python (D:3)
  3 hobgoblins
  A quokka (D:3)
  9 bats
  5 frilled lizards
  10 goblins
  5 kobolds
  4 rats
54 creatures vanquished.

Notes
Turn   | Place    | Note
-------+----------+-------------------------------------------
     0 | D:1      | Mimshu the Vampire Assassin began the quest for the Orb.
     0 | D:1      | Reached XP level 1. HP: 16/16 MP: 1/1
    78 | D:1      | Reached skill level 6 in Stealth
   327 | D:1      | Reached XP level 2. HP: 19/22 MP: 2/2
   970 | D:2      | Reached XP level 3. HP: 27/27 MP: 3/3
   993 | D:2      | Found a sparkling altar of Nemelex Xobeh.
  1019 | D:2      | Noticed Terence
  1043 | D:2      | Killed Terence
  1043 | D:2      | Reached skill level 7 in Stealth
  1347 | D:2      | Found a burning altar of Makhleb.
  1496 | D:2      | Noticed Natasha
  1504 | D:2      | Killed Natasha
  1504 | D:2      | Reached XP level 4. HP: 20/33 MP: 4/4
  1976 | D:2      | Found a glowing silver altar of Zin.
  2249 | D:3      | Found a radiant altar of Vehumet.
  2547 | D:3      | Found a faded altar of an unknown god.
  2553 | D:3      | Became a worshipper of Sif Muna the Loreminder
  2553 | D:3      | Reached * piety under Sif Muna
  2751 | D:3      | Found an opulent altar of Gozag.
  2834 | D:3      | Reached XP level 5. HP: 38/38 MP: 5/5
  3061 | D:4      | Noticed an ogre
  3085 | D:4      | Killed an ogre
  3085 | D:4      | Reached skill level 8 in Stealth
  3176 | D:4      | HP: 1/39 [worker ant zombie (2)]
  3180 | D:4      | Slain by a worker ant zombie

Skill      XL: |  1  2  3  4  5 |
---------------+----------------+-----
Stealth        | 6 7 8 |  8.2
Fighting       | 2 |  2.4
Short Blades   | 3 4 |  4.5
Dodging        | 2 |  2.1
Throwing       | |  1.7

Action                   |  1- 3 |  4- 6 || total
-------------------------+-------+-------++-------
Melee: Dagger            |    11 |       ||    11
       Short sword       |    56 |    63 ||   119
       Bite              |     9 |     2 ||    11
       Unarmed           |     4 |       ||     4
 Fire: Blowgun           |     1 |       ||     1
 Abil: Bat Form          |     2 |     1 ||     3
       End Transformatio |     2 |       ||     2
  Use: Potion            |     1 |     4 ||     5
       Scroll            |       |     3 ||     3
 Stab: Sleeping          |    11 |     3 ||    14
Armor: Robe              |    13 |    13 ||    26
Dodge: Dodged            |    43 |    35 ||    78
